[ AOE2 MATCH · #505008326 ]
UnrankedCelts vs Sicilians
Player's team · WIN
Rival team · LOSS
[ REPLAY ANALYSIS · EXTRACTED FROM THE RECORDED GAME ]
Feudal
9:43
Castle
32:24
Imperial
—
| APM avg | 61.5 |
| APM peak | 120 |
| eAPM avg | 29.8 |
| Villagers / military | 68 / 56 |
Focus
⚔️ 28.7% · 🌾 71.3%
Archer ×53 · Militia ×3
Feudal
—
Castle
—
Imperial
—
| APM avg | 42.2 |
| APM peak | 87 |
| eAPM avg | 24.3 |
| Villagers / military | 64 / 0 |
Focus
⚔️ 23.0% · 🌾 77.0%
Match map
Initial resources + every placement click. Lines = walls · curves = elevation contours. ◆ gold · ⬟ stone · ● berries · ✦ relic · ◌ wall gap
Your base· Open — 3t gap
Jaggo_'s base· Open — unwalled flank
Smoothed initial terrain · ◌ = detected wall gap · hover for details
Inputs per minute
— DraconicAspirant - - Jaggo_
Build order — DraconicAspirant
First 150 of 227 actions detected
| 0:00 | Queue | Villager (Male) |
| 0:01 | Queue | Villager (Male) |
| 0:01 | Queue | Villager (Male) |
| 0:02 | Build | House |
| 0:03 | Build | House |
| 0:14 | Queue | Villager (Male) |
| 0:15 | Queue | Villager (Male) |
| 1:29 | Queue | Villager (Male) |
| 1:29 | Queue | Villager (Male) |
| 1:53 | Queue | Villager (Male) |
| 1:56 | Build | Lumber Camp |
| 2:23 | Queue | Villager (Male) |
| 2:23 | Queue | Villager (Male) |
| 2:53 | Queue | Villager (Male) |
| 2:53 | Queue | Villager (Male) |
| 3:02 | Build | House |
| 3:06 | Build | House |
| 3:09 | Research | Loom |
| 3:58 | Queue | Villager (Male) |
| 3:58 | Queue | Villager (Male) |
| 3:59 | Queue | Villager (Male) |
| 4:01 | Build | Mill |
| 4:23 | Queue | Villager (Male) |
| 4:33 | Queue | Villager (Male) |
| 5:43 | Queue | Villager (Male) |
| 5:44 | Queue | Villager (Male) |
| 5:44 | Queue | Villager (Male) |
| 5:44 | Queue | Villager (Male) |
| 6:11 | Queue | Villager (Male) |
| 6:12 | Queue | Villager (Male) |
| 6:36 | Queue | Villager (Male) |
| 6:52 | Build | Barracks |
| 7:33 | Research | Feudal Age |
| 7:43 | Build | Mining Camp |
| 7:50 | Build | Palisade Wall |
| 7:52 | Build | Palisade Wall |
| 8:16 | Build | Palisade Wall |
| 8:21 | Build | Palisade Wall |
| 8:21 | Build | Palisade Wall |
| 8:22 | Build | Palisade Wall |
| 8:29 | Build | House |
| 8:47 | Build | Palisade Gate |
| 8:49 | Build | House |
| 9:05 | Build | House |
| 9:23 | Queue | Militia |
| 9:23 | Queue | Militia |
| 9:23 | Queue | Militia |
| 9:43 | Age | Feudal Age |
| 9:52 | Build | Stone Wall |
| 10:02 | Build | Stone Wall |
| 10:24 | Build | Stone Wall |
| 10:42 | Build | Town Center |
| 11:01 | Build | Palisade Wall |
| 11:11 | Research | Double-Bit Axe |
| 12:11 | Build | Archery Range |
| 12:19 | Queue | Villager (Male) |
| 12:19 | Queue | Villager (Male) |
| 13:18 | Queue | Villager (Male) |
| 13:18 | Queue | Villager (Male) |
| 13:18 | Queue | Villager (Male) |
| 13:20 | Queue | Archer |
| 13:20 | Queue | Archer |
| 13:22 | Build | Blacksmith |
| 13:24 | Build | Farm |
| 13:24 | Build | Farm |
| 13:25 | Build | Farm |
| 13:25 | Build | Farm |
| 13:25 | Build | Farm |
| 13:25 | Build | Farm |
| 13:52 | Queue | Archer |
| 13:53 | Queue | Archer |
| 13:54 | Queue | Villager (Male) |
| 13:55 | Queue | Villager (Male) |
| 13:58 | Build | Farm |
| 14:02 | Build | Farm |
| 14:43 | Queue | Archer |
| 15:19 | Queue | Villager (Male) |
| 15:19 | Queue | Villager (Male) |
| 15:21 | Build | Farm |
| 15:46 | Research | Fletching |
| 17:33 | Build | Farm |
| 17:36 | Build | Farm |
| 17:59 | Queue | Archer |
| 17:59 | Queue | Archer |
| 18:27 | Queue | Archer |
| 18:32 | Queue | Villager (Male) |
| 18:33 | Queue | Villager (Male) |
| 18:33 | Queue | Villager (Male) |
| 19:01 | Queue | Villager (Male) |
| 19:08 | Queue | Villager (Male) |
| 19:30 | Build | Farm |
| 19:33 | Build | Farm |
| 19:50 | Queue | Archer |
| 19:51 | Queue | Archer |
| 19:51 | Queue | Archer |
| 20:26 | Queue | Villager (Male) |
| 20:27 | Queue | Villager (Male) |
| 20:48 | Build | Market |
| 21:59 | Build | Town Center |
| 22:18 | Build | House |
| 22:32 | Queue | Archer |
| 22:33 | Queue | Archer |
| 22:39 | Build | Farm |
| 22:40 | Build | Farm |
| 22:40 | Build | Farm |
| 22:40 | Build | Farm |
| 22:40 | Build | Farm |
| 22:44 | Queue | Villager (Male) |
| 22:44 | Queue | Villager (Male) |
| 22:44 | Queue | Villager (Male) |
| 22:50 | Build | Farm |
| 22:55 | Build | Farm |
| 22:58 | Queue | Archer |
| 23:18 | Queue | Archer |
| 23:23 | Build | Farm |
| 23:23 | Build | Farm |
| 23:23 | Build | Farm |
| 23:34 | Queue | Archer |
| 23:34 | Queue | Archer |
| 23:35 | Queue | Archer |
| 24:04 | Queue | Villager (Male) |
| 24:05 | Queue | Villager (Male) |
| 24:25 | Queue | Archer |
| 24:25 | Queue | Archer |
| 24:27 | Build | Farm |
| 24:27 | Build | Farm |
| 24:27 | Build | Farm |
| 24:27 | Build | Farm |
| 24:28 | Build | Farm |
| 24:29 | Build | House |
| 24:30 | Build | House |
| 24:31 | Build | House |
| 24:34 | Build | House |
| 24:35 | Build | House |
| 24:36 | Build | Palisade Wall |
| 24:36 | Build | Palisade Wall |
| 24:39 | Queue | Villager (Male) |
| 24:39 | Queue | Villager (Male) |
| 24:50 | Queue | Archer |
| 24:50 | Queue | Archer |
| 24:55 | Queue | Villager (Male) |
| 25:15 | Build | Farm |
| 25:15 | Build | Farm |
| 25:16 | Build | Farm |
| 25:45 | Queue | Archer |
| 25:45 | Queue | Archer |
| 25:45 | Queue | Archer |
| 25:49 | Queue | Villager (Male) |
| 25:50 | Queue | Villager (Male) |
| 25:50 | Queue | Villager (Male) |
Build order — Jaggo_
125 actions detected in the replay
| 0:01 | Queue | Villager (Male) |
| 0:01 | Queue | Villager (Male) |
| 0:04 | Build | House |
| 0:05 | Build | House |
| 0:50 | Queue | Villager (Male) |
| 0:51 | Queue | Villager (Male) |
| 0:51 | Queue | Villager (Male) |
| 1:24 | Queue | Villager (Male) |
| 1:59 | Queue | Villager (Male) |
| 2:21 | Queue | Villager (Male) |
| 2:37 | Queue | Villager (Male) |
| 2:38 | Queue | Villager (Male) |
| 3:04 | Build | House |
| 3:10 | Queue | Villager (Male) |
| 3:36 | Queue | Villager (Male) |
| 3:55 | Queue | Villager (Male) |
| 3:55 | Queue | Villager (Male) |
| 4:00 | Research | Loom |
| 4:30 | Queue | Villager (Male) |
| 4:39 | Queue | Villager (Male) |
| 4:50 | Queue | Villager (Male) |
| 5:38 | Build | Mill |
| 6:21 | Queue | Villager (Male) |
| 6:42 | Queue | Villager (Male) |
| 7:10 | Queue | Villager (Male) |
| 7:54 | Build | Town Center |
| 8:28 | Queue | Villager (Male) |
| 8:46 | Build | House |
| 9:09 | Queue | Villager (Male) |
| 9:10 | Queue | Villager (Male) |
| 9:10 | Queue | Villager (Male) |
| 9:13 | Queue | Villager (Male) |
| 10:34 | Queue | Villager (Male) |
| 10:56 | Queue | Villager (Male) |
| 11:05 | Queue | Villager (Male) |
| 11:09 | Build | House |
| 11:23 | Queue | Villager (Male) |
| 11:35 | Build | Lumber Camp |
| 12:01 | Queue | Villager (Male) |
| 12:05 | Build | House |
| 12:26 | Build | Palisade Gate |
| 12:29 | Build | Palisade Wall |
| 12:34 | Build | Palisade Gate |
| 12:49 | Queue | Villager (Male) |
| 12:58 | Build | Palisade Gate |
| 13:01 | Build | Palisade Wall |
| 13:11 | Queue | Villager (Male) |
| 13:46 | Queue | Villager (Male) |
| 14:14 | Build | Town Center |
| 15:15 | Queue | Villager (Male) |
| 15:15 | Queue | Villager (Male) |
| 15:15 | Queue | Villager (Male) |
| 15:41 | Queue | Villager (Male) |
| 15:47 | Build | Mining Camp |
| 16:05 | Queue | Villager (Male) |
| 16:27 | Queue | Villager (Male) |
| 16:33 | Queue | Villager (Male) |
| 17:10 | Queue | Villager (Male) |
| 17:31 | Queue | Villager (Male) |
| 18:22 | Build | House |
| 19:50 | Build | House |
| 19:53 | Build | Barracks |
| 20:56 | Build | Town Center |
| 22:34 | Build | Farm |
| 22:34 | Build | Farm |
| 22:34 | Build | Farm |
| 22:34 | Build | Farm |
| 22:34 | Build | Farm |
| 22:35 | Build | Farm |
| 23:24 | Build | Farm |
| 23:27 | Build | Farm |
| 23:35 | Build | Farm |
| 23:43 | Build | Farm |
| 23:44 | Queue | Villager (Male) |
| 23:45 | Queue | Villager (Male) |
| 23:52 | Build | Farm |
| 24:02 | Build | Farm |
| 24:15 | Queue | Villager (Male) |
| 24:21 | Build | Farm |
| 24:35 | Queue | Villager (Male) |
| 25:15 | Queue | Villager (Male) |
| 25:25 | Build | Lumber Camp |
| 25:49 | Queue | Villager (Male) |
| 26:12 | Queue | Villager (Male) |
| 26:16 | Queue | Villager (Male) |
| 26:46 | Queue | Villager (Male) |
| 26:51 | Queue | Villager (Male) |
| 26:54 | Build | Palisade Gate |
| 27:19 | Build | Palisade Wall |
| 27:23 | Build | Palisade Wall |
| 27:35 | Build | Palisade Gate |
| 27:48 | Queue | Villager (Male) |
| 27:48 | Queue | Villager (Male) |
| 28:09 | Build | House |
| 28:19 | Build | House |
| 28:20 | Build | House |
| 28:22 | Build | House |
| 28:29 | Queue | Villager (Male) |
| 28:29 | Queue | Villager (Male) |
| 28:36 | Build | Palisade Gate |
| 28:38 | Build | House |
| 28:46 | Build | Farm |
| 28:48 | Build | Farm |
| 28:51 | Build | Farm |
| 28:57 | Build | Farm |
| 29:02 | Build | Mill |
| 29:07 | Build | Farm |
| 29:10 | Build | Farm |
| 29:14 | Build | Farm |
| 29:14 | Queue | Villager (Male) |
| 29:14 | Queue | Villager (Male) |
| 29:16 | Build | Farm |
| 29:33 | Build | House |
| 29:35 | Build | Palisade Wall |
| 29:55 | Queue | Villager (Male) |
| 29:55 | Queue | Villager (Male) |
| 29:55 | Queue | Villager (Male) |
| 30:26 | Build | House |
| 30:33 | Queue | Villager (Male) |
| 30:35 | Queue | Villager (Male) |
| 30:52 | Build | Palisade Wall |
| 31:15 | Build | House |
| 31:42 | Build | House |
| 31:45 | Build | House |
| 32:19 | Queue | Villager (Male) |
Match timeline
| 6:52 | DraconicAspirant · first_building Barracks |
| 7:50 | DraconicAspirant · wall_segment Palisade Wall x1 |
| 7:52 | DraconicAspirant · wall_segment Palisade Wall x1 |
| 8:16 | DraconicAspirant · wall_segment Palisade Wall x1 |
| 8:21 | DraconicAspirant · wall_segment Palisade Wall x1 |
| 8:21 | DraconicAspirant · wall_segment Palisade Wall x1 |
| 8:22 | DraconicAspirant · wall_segment Palisade Wall x1 |
| 9:43 | DraconicAspirant · age_up feudal |
| 9:52 | DraconicAspirant · wall_segment Stone Wall x1 |
| 10:02 | DraconicAspirant · wall_segment Stone Wall x1 |
| 10:24 | DraconicAspirant · wall_segment Stone Wall x1 |
| 11:01 | DraconicAspirant · wall_segment Palisade Wall x7 |
| 12:11 | DraconicAspirant · first_building Archery Range |
| 12:29 | Jaggo_ · wall_segment Palisade Wall x2 |
| 13:01 | Jaggo_ · wall_segment Palisade Wall x3 |
| 19:53 | Jaggo_ · first_building Barracks |
| 21:52 | DraconicAspirant · first_market_sell 100 wood |
| 21:53 | DraconicAspirant · first_market_buy 100 stone |
| 24:36 | DraconicAspirant · wall_segment Palisade Wall x1 |
| 24:36 | DraconicAspirant · wall_segment Palisade Wall x1 |
| 27:19 | Jaggo_ · wall_segment Palisade Wall x1 |
| 27:23 | Jaggo_ · wall_segment Palisade Wall x1 |
| 29:35 | Jaggo_ · wall_segment Palisade Wall x4 |
| 30:52 | Jaggo_ · wall_segment Palisade Wall x2 |
| 32:24 | DraconicAspirant · age_up castle |
| 32:28 | DraconicAspirant · first_building Siege Workshop |
| 32:41 | Jaggo_ · resign |
[ AI ANALYSIS · 1 CREDIT ]
What really happened in this match?
Wolo.gg analyzes every decision: build order, eco, micro, common mistakes by bracket. Personalized analysis on WhatsApp or Discord in 30 seconds.
Civ guide
Celts
Perfil
Jugador #17830690